[Event "Titled Tuesday Blitz November 08 Early 2022"]
[White "Ciuffoletti, Paolo"]
[Black "Gabdrakhmanov, Azat"]
[WhiteFideId "807630"]
[BlackFideId "34189197"]
[WhiteElo "2143"]
[BlackElo "2254"]
[Result "0-1"]
[Round "08"]
[TimeControl "180+1"]
[Date "2022.11.09"]
[WhiteClock "0:00:02"]
[BlackClock "0:00:18"]

1. e4 c5 2. d4 cxd4 3. c3 dxc3 4. Nxc3 e6 5. Nf3 Nc6 6. Bc4 Be7 7. O-O d6 8. Qe2 Nf6 9. Rd1 e5 10. h3 O-O 11. a3 a6 12. Be3 h6 13. b4 Be6 14. Bxe6 fxe6 15. b5 axb5 16. Qxb5 Qa5 17. Qxb7 Rfc8 18. Qb3 Kf7 19. Bd2 Rab8 20. Qa2 Qa6 21. Rab1 Nd4 22. Rxb8 Rxb8 23. Ne1 Ne2+ 24. Nxe2 Qxe2 25. Qc2 Nxe4 26. Bb4 Qxc2 27. Nxc2 d5 28. Bxe7 Kxe7 29. Nb4 Rb6 30. f3 Nd6 31. Rc1 Nc4 32. Kf2 Kf6 33. Rc3 Kf7 34. Rb3 Nxa3 35. Rxa3 Rxb4 36. Ra7+ Kf6 37. Ra6 h5 38. g3 Rb2+ 39. Kf1 g6 40. h4 Kf5 41. Ra8 e4 42. Rf8+ Ke5 43. f4+ Kd4 44. Rf6 Ke3 45. Rxe6 Kf3 46. Ke1 e3 47. Kd1 e2+ 0-1


[Site "https://www.chess.com"]

[Event "Titled Tuesday Blitz November 08 Early 2022"]
[White "Cramling Bellon, Anna"]
[Black "Todorovic, Bojan"]
[WhiteFideId "32009232"]
[BlackFideId "917087"]
[WhiteElo "1972"]
[BlackElo "2266"]
[Result "0-1"]
[Round "08"]
[TimeControl "180+1"]
[Date "2022.11.09"]
[WhiteClock "0:00:01"]
[BlackClock "0:00:13"]

1. d4 Nf6 2. c4 c5 3. d5 g6 4. Nc3 Bg7 5. e4 d6 6. f4 O-O 7. Nf3 e6 8. Bd3 exd5 9. cxd5 b5 10. e5 dxe5 11. fxe5 Ng4 12. Bg5 Qb6 13. Qe2 c4 14. Be4 Nd7 15. d6 Bb7 16. Bxb7 Qxb7 17. O-O-O Ngxe5 18. Nd5 Nd3+ 19. Rxd3 cxd3 20. Ne7+ Kh8 21. Qxd3 Nc5 22. Qe3 Ne4 23. Bh6 Nxd6 24. Bxg7+ Kxg7 25. Qd4+ f6 26. Qxd6 Rad8 27. Qb4 a5 28. Qe1 Rfe8 29. Kb1 Rxe7 30. Qxa5 Qe4+ 31. Ka1 Ra8 32. Qc3 b4 33. Qb3 Rea7 34. a4 Rxa4+ 35. Qa2 Rxa2# 0-1


[Site "https://www.chess.com"]

[Event "Titled Tuesday Blitz November 08 Early 2022"]
[White "Cruz Mendez, Jean Marco"]
[Black "Avazkhonov, Alikhon"]
[WhiteFideId "3526402"]
[BlackFideId "14208504"]
[WhiteElo "2064"]
[BlackElo "1739"]
[Result "1-0"]
[Round "08"]
[TimeControl "180+1"]
[Date "2022.11.09"]
[WhiteClock "0:01:11"]
[BlackClock "0:00:08"]

1. e4 c5 2. Nf3 d6 3. d4 cxd4 4. Nxd4 Nf6 5. Nc3 a6 6. Bg5 e6 7. f4 h6 8. Bh4 Be7 9. Qf3 Nbd7 10. O-O-O Qc7 11. Bf2 b5 12. a3 Bb7 13. g4 g5 14. h4 gxf4 15. Be2 Ne5 16. Qxf4 Nc4 17. Bxc4 Qxc4 18. g5 Nd7 19. g6 Ne5 20. gxf7+ Nxf7 21. Qg4 Kd7 22. Nd5 Bxd5 23. b3 Ne5 24. Qg2 Qc3 25. exd5 exd5 26. Qh3+ Kc7 27. Qxc3+ 1-0


[Site "https://www.chess.com"]

[Event "Titled Tuesday Blitz November 08 Early 2022"]
[White "D`Arruda, Ricardo D."]
[Black "Yeremyan, Alen"]
[WhiteFideId "100692"]
[BlackFideId "13308998"]
[WhiteElo "2526"]
[BlackElo "2159"]
[Result "0-1"]
[Round "08"]
[TimeControl "180+1"]
[Date "2022.11.09"]
[WhiteClock "0:00:22"]
[BlackClock "0:01:13"]

1. d4 Nf6 2. Nf3 g6 3. Nc3 d5 4. g3 Bg7 5. Bg2 O-O 6. O-O c5 7. e3 Nc6 8. Ne2 Bf5 9. c3 Be4 10. Nf4 Nd7 11. Nd3 c4 12. Nf4 e6 13. Nd2 Bxg2 14. Kxg2 b5 15. e4 dxe4 16. Nxe4 e5 17. dxe5 Ndxe5 18. Be3 Nd3 19. Nxd3 cxd3 20. Nd2 Ne5 21. Bd4 Qd5+ 22. Kg1 Rfe8 23. Bxe5 Rxe5 24. Re1 Rae8 25. Rxe5 Rxe5 26. Qb3 Qxb3 27. axb3 Re2 28. Rd1 Bh6 29. f4 Bf8 30. Nf3 Bc5+ 31. Kh1 Rxb2 32. b4 Bb6 33. Rxd3 Rb3 34. Ne5 a5 35. bxa5 Bxa5 36. Rd7 Rxc3 37. Rxf7 Rc7 38. Rf6 Bc3 39. Rb6 b4 40. Nd3 Rc4 41. Ne5 Re4 42. Nd3 Rd4 43. Ne5 Rd1+ 44. Kg2 Rb1 45. g4 b3 46. g5 b2 47. Nc4 Rc1 48. Nxb2 Rc2+ 49. Kf3 Rxb2 50. Kg4 Rxb6 0-1


[Site "https://www.chess.com"]

[Event "Titled Tuesday Blitz November 08 Early 2022"]
[White "Darini, Pouria"]
[Black "Pultinevicius, Paulius"]
[WhiteFideId "12502200"]
[BlackFideId "12809390"]
[WhiteElo "2666"]
[BlackElo "2842"]
[Result "0-1"]
[Round "08"]
[TimeControl "180+1"]
[Date "2022.11.09"]
[WhiteClock "0:00:05"]
[BlackClock "0:00:13"]

1. d4 Nf6 2. c4 c6 3. Nf3 d5 4. g3 dxc4 5. Bg2 Bf5 6. O-O Nbd7 7. b3 cxb3 8. Qxb3 Qb6 9. Nbd2 e6 10. Nc4 Qxb3 11. axb3 Be4 12. Na5 b6 13. Nc4 Bb4 14. Ba3 Bxa3 15. Rxa3 Ke7 16. Rfa1 a5 17. Nfe5 Bxg2 18. Kxg2 Nxe5 19. Nxe5 Rhc8 20. b4 Ra6 21. Nxc6+ Ke8 22. Ne5 Rca8 23. Nc4 Nd7 24. bxa5 b5 25. Ne5 Nxe5 26. dxe5 Rc6 27. a6 Rc5 28. Rd1 Rxe5 29. Ra5 Ra7 30. Rd6 Rxe2 31. Rxb5 Ke7 32. Rdb6 Kf6 33. Rb4 g5 34. h4 h6 35. hxg5+ hxg5 36. Rb3 Ra2 37. Rf3+ Kg6 38. Rb7 Rxb7 39. axb7 Rb2 40. Re3 Rxb7 41. Rd3 Rb4 42. Rd1 Rb2 43. Rg1 e5 44. Rf1 e4 45. Re1 Kf5 46. Kg1 Rd2 47. Re3 Ke5 48. Ra3 f5 49. Ra5+ Rd5 50. Ra8 f4 51. Rg8 Kf5 52. gxf4 gxf4 53. Kg2 Rd2 54. Rf8+ Kg5 55. Rg8+ Kh5 56. Rh8+ Kg6 57. Kf1 Kf5 58. Rf8+ Kg4 59. Ke1 Ra2 60. Rb8 Kf3 61. Rb3+ e3 62. fxe3 fxe3 63. Rb1 Rh2 0-1


[Site "https://www.chess.com"]

[Event "Titled Tuesday Blitz November 08 Early 2022"]
[White "Deac, Bogdan-Daniel"]
[Black "Bacrot, Etienne"]
[WhiteFideId "1226380"]
[BlackFideId "605506"]
[WhiteElo "2648"]
[BlackElo "2666"]
[Result "0-1"]
[Round "08"]
[TimeControl "180+1"]
[Date "2022.11.08"]
[WhiteClock "0:00:02"]
[BlackClock "0:00:09"]

1. d4 Nf6 2. c4 c6 3. Nf3 d5 4. Nc3 dxc4 5. a4 Bf5 6. Ne5 e6 7. g3 Bb4 8. Bg2 Ne4 9. Bxe4 Bxe4 10. f3 Bg6 11. O-O c5 12. Na2 Nc6 13. Nxc6 bxc6 14. Nxb4 cxb4 15. e4 O-O 16. Be3 f5 17. Rc1 fxe4 18. f4 Qd5 19. Qe2 c3 20. bxc3 b3 21. Qa6 Rfb8 22. c4 Qd7 23. Rb1 Rb4 24. Rb2 Rab8 25. Rc1 Bh5 26. Qa5 Bf3 27. Qe5 h6 28. Bd2 R4b7 29. a5 a6 30. Bc3 Qf7 31. Re1 Re8 32. Qd6 Qc7 33. Qc5 Qd7 34. Rd2 Rc8 35. Qe5 Qf7 36. Rb2 Kh7 37. Qc5 Qg6 38. Qe5 Rf8 39. Qc5 Rxf4 40. Qxc6 Rbf7 41. Qd6 R4f5 42. c5 Bg4 43. h4 Bh3 44. d5 Rf3 45. Be5 e3 46. dxe6 Bxe6 47. Kh2 Rf2+ 48. Rxf2 exf2 49. Rf1 Bc4 0-1


[Site "https://www.chess.com"]

[Event "Titled Tuesday Blitz November 08 Early 2022"]
[White "Derjabin, Ilja"]
[Black "Mihailidis, Anastasios"]
[WhiteFideId "14104768"]
[BlackFideId "4205588"]
[WhiteElo "2312"]
[BlackElo "2312"]
[Result "1/2-1/2"]
[Round "08"]
[TimeControl "180+1"]
[Date "2022.11.09"]
[WhiteClock "0:00:20"]
[BlackClock "0:00:05"]

1. d4 d5 2. c3 e6 3. Bf4 Bd6 4. g3 Nf6 5. Nf3 O-O 6. Nbd2 c5 7. e3 Nc6 8. Bd3 b6 9. O-O Bb7 10. Kh1 Re8 11. Bb5 a6 12. Bxc6 Bxc6 13. Bxd6 Qxd6 14. Ne5 Nd7 15. f4 f6 16. Nxd7 Qxd7 17. Nf3 c4 18. b3 b5 19. Kg1 Qc7 20. Qd2 Bd7 21. bxc4 Qxc4 22. Rfc1 Rec8 23. Ne1 a5 24. Nd3 Be8 25. Nc5 Kf7 26. Rab1 Rab8 27. Kf2 Rb6 28. Qe2 Qxe2+ 29. Kxe2 b4 30. cxb4 axb4 31. Kd2 Ra8 32. Rc2 Ke7 33. Rcb2 Rb5 34. Nd3 Bg6 35. Rc1 Kd6 36. Nc5 e5 37. fxe5+ fxe5 38. Nb3 exd4 39. Nxd4 Rba5 40. Rc6+ Kd7 41. Rb6 Rxa2 42. Rxb4 Rxb2+ 43. Rxb2 Ra7 44. h4 Be4 45. g4 h6 46. g5 hxg5 47. hxg5 g6 48. Nb5 Rb7 49. Rb4 Kc6 50. Nd4+ Kc7 51. Rxb7+ Kxb7 52. Kc3 Kc7 53. Ne2 Kd6 54. Kd4 Ke6 55. Nf4+ Kd6 56. Ne2 Ke6 57. Ng3 Bg2 58. Kd3 Ke5 59. Kc3 Be4 60. Kd2 d4 61. Ke2 dxe3 62. Kxe3 Bf5 63. Ne2 Bb1 64. Nd4 Bf5 65. Nf3+ Kd5 66. Kf4 Bc8 67. Ne5 Bf5 68. Nf7 Ke6 69. Ne5 Kd5 70. Nf3 Ke6 71. Nd4+ Ke7 72. Ke5 Kf7 73. Ne2 Kg7 74. Nf4 Kf7 75. Kd6 Bg4 76. Nd3 Bf5 77. Ne5+ Kg7 78. Nc6 Be4 79. Nd4 Bd3 80. Ke5 Bb1 81. Ne6+ Kh7 82. Nf4 Kg7 83. Ne6+ Kh7 84. Kf6 Bd3 85. Nf4 Be4 86. Ne2 Bf5 87. Nd4 Bd3 88. Ne6 Be4 89. Nf8+ Kg8 90. Nxg6 Kh7 91. Nf8+ Kg8 92. Nd7 Bb1 93. Ne5 Bc2 94. Ng4 Bb1 95. Nh6+ Kh7 96. Ng4 Bc2 97. Ne3 Bb1 98. Nd1 Bd3 99. Nc3 Bc2 100. Nd5 Bd3 101. Ne7 Bb1 102. Nf5 Bxf5 103. Kxf5 Kg7 104. g6 Kg8 105. Kg5 Kg7 106. Kh5 Kg8 107. Kh6 Kh8 108. g7+ Kg8 109. Kg6 1/2-1/2


[Site "https://www.chess.com"]

[Event "Titled Tuesday Blitz November 08 Early 2022"]
[White "Devaev, Alexander"]
[Black "Orlov, Georgi"]
[WhiteFideId "4169395"]
[BlackFideId "2011271"]
[WhiteElo "2225"]
[BlackElo "2572"]
[Result "1-0"]
[Round "08"]
[TimeControl "180+1"]
[Date "2022.11.09"]
[WhiteClock "0:00:35"]
[BlackClock "0:00:01"]

1. d4 Nf6 2. c4 Nc6 3. Nf3 e6 4. a3 d6 5. Nc3 g6 6. e4 Bg7 7. h3 O-O 8. Bg5 h6 9. Be3 Re8 10. Qd2 Kh7 11. O-O-O d5 12. e5 Ne4 13. Nxe4 dxe4 14. Nh2 Ne7 15. g4 c5 16. f4 exf3 17. Nxf3 cxd4 18. Bxd4 Nc6 19. Bc3 Qxd2+ 20. Rxd2 a5 21. c5 Bf8 22. Nd4 Bxc5 23. Nxc6 bxc6 24. Bg2 Ra6 25. Kc2 Be7 26. Rf1 Kg7 27. Rfd1 a4 28. Rd6 Kf8 29. Rxc6 Bb7 30. Rxa6 Bxa6 31. Bc6 Rc8 32. Bxa4 Be2 33. Rd2 Bf3 34. Bb5 Rb8 35. Bd3 Bg5 36. Rf2 Bd5 37. Bxg6 Bb3+ 38. Kb1 Rb7 39. Bc2 Bd5 40. Bd2 Bh4 41. Rf4 Ke7 42. Rd4 Bf2 43. Bb4+ 1-0


[Site "https://www.chess.com"]

[Event "Titled Tuesday Blitz November 08 Early 2022"]
[White "Do Nascimento,Christian Almeida"]
[Black "Matveeva, Olga"]
[WhiteFideId "2143801"]
[BlackFideId "24107018"]
[WhiteElo "2079"]
[BlackElo "2055"]
[Result "1-0"]
[Round "08"]
[TimeControl "180+1"]
[Date "2022.11.09"]
[WhiteClock "0:01:13"]
[BlackClock "0:00:23"]

1. e4 c6 2. d4 d5 3. exd5 cxd5 4. c4 Nf6 5. Nf3 Nc6 6. Nc3 e6 7. a3 Be7 8. Be2 dxc4 9. Bxc4 O-O 10. O-O b6 11. d5 exd5 12. Nxd5 Nxd5 13. Bxd5 Bb7 14. Bf4 Na5 15. Bxb7 Nxb7 16. Re1 Bf6 17. Be5 Bxe5 18. Nxe5 Nc5 19. b4 Ne6 20. Qf3 Nd4 21. Qe4 f5 22. Qd3 Kh8 23. Qc4 Rc8 24. Nf7+ Rxf7 25. Qxf7 Nc2 26. Rad1 Nxe1 27. Rxd8+ Rxd8 28. Qe7 1-0


[Site "https://www.chess.com"]

[Event "Titled Tuesday Blitz November 08 Early 2022"]
[White "Donchenko, Alexander"]
[Black "Melikyan, Gnel"]
[WhiteFideId "24603295"]
[BlackFideId "54109990"]
[WhiteElo "2572"]
[BlackElo "2138"]
[Result "1/2-1/2"]
[Round "08"]
[TimeControl "180+1"]
[Date "2022.11.09"]
[WhiteClock "0:00:08"]
[BlackClock "0:00:05"]

1. e4 e5 2. Nf3 Nc6 3. Bc4 Bc5 4. O-O Nf6 5. d3 O-O 6. c3 d6 7. Re1 h6 8. h3 Re8 9. a4 a5 10. Na3 Qe7 11. Qb3 Bb6 12. Be3 Bxe3 13. Rxe3 Nd7 14. d4 Nb6 15. Bb5 Bd7 16. Rd1 exd4 17. cxd4 Nb4 18. Ree1 c6 19. Bf1 c5 20. Nb5 Be6 21. d5 Bd7 22. e5 dxe5 23. Nxe5 Bf5 24. d6 Qe6 25. Qxe6 Rxe6 26. Nc7 Rd8 27. Nxe6 Bxe6 28. Bb5 Nc2 29. Re4 Nd4 30. Rexd4 cxd4 31. Rxd4 f6 32. Nd3 Nd7 33. f4 Bf5 34. Kf2 Kf7 35. g4 Bxd3 36. Bxd3 g5 37. Bc4+ Kf8 38. Kf3 gxf4 39. Kxf4 Ne5 40. Be6 Kg7 41. d7 Kf8 42. Kf5 Ke7 43. Re4 Rf8 44. b4 axb4 45. Rxb4 Nc6 46. Re4 Ne5 47. Bd5 b6 48. Bc6 Rg8 49. Bb5 h5 50. gxh5 Rg5+ 51. Kf4 Rxh5 52. Kg3 Rg5+ 53. Kf2 Rh5 54. Rd4 Rh8 55. Kg3 Rg8+ 56. Kf4 Rh8 57. Rd1 Nf7 58. Kg3 Rg8+ 59. Kh2 Rh8 60. Rg1 Nd6 61. Rg7+ Kd8 62. Rg6 Nxb5 63. axb5 Ke7 64. Rg7+ Ke6 65. h4 Rxh4+ 66. Kg3 Rh8 67. Kf4 Rd8 68. Rg2 Rxd7 69. Re2+ Kf7 70. Rc2 Rd5 71. Rb2 Rc5 72. Rb1 f5 73. Rb2 Kf6 74. Rb4 Ke6 75. Rb2 Rc4+ 76. Ke3 f4+ 77. Kd3 Ra4 78. Rc2 Rb4 79. Rc6+ Kd5 80. Rxb6 Rb3+ 81. Ke2 Kc5 82. Rb8 Rxb5 83. Rxb5+ Kxb5 84. Kf3 Kc4 85. Kxf4 1/2-1/2


[Site "https://www.chess.com"]

[Event "Titled Tuesday Blitz November 08 Early 2022"]
[White "Donskov, Anatoly"]
[Black "Rose, Felix"]
[WhiteFideId "24143413"]
[BlackFideId "5105722"]
[WhiteElo "2219"]
[BlackElo "2039"]
[Result "1-0"]
[Round "08"]
[TimeControl "180+1"]
[Date "2022.11.09"]
[WhiteClock "0:01:05"]
[BlackClock "0:00:12"]

1. e4 c5 2. Nf3 Nc6 3. Nc3 g6 4. Bb5 Nd4 5. Nxd4 cxd4 6. Ne2 Bg7 7. O-O a6 8. Bc4 e6 9. d3 b5 10. Bb3 Bb7 11. f4 Ne7 12. Ng3 Nc6 13. f5 Be5 14. Qf3 O-O 15. Bh6 Bg7 16. Bxg7 Kxg7 17. f6+ Kh8 18. Qf4 Rg8 19. e5 g5 20. Qe4 Qc7 21. Rae1 Rg6 22. Nh5 a5 23. a4 bxa4 24. Bxa4 Qb6 25. Ng7 Qxb2 26. Rb1 Qa3 27. Rxb7 Qxa4 28. Rxd7 Nxe5 29. Qxa8# 1-0


[Site "https://www.chess.com"]

[Event "Titled Tuesday Blitz November 08 Early 2022"]
[White "Dubov, Daniil"]
[Black "Baskakov, Egor"]
[WhiteFideId "24126055"]
[BlackFideId "24197866"]
[WhiteElo "2791"]
[BlackElo "2211"]
[Result "1-0"]
[Round "08"]
[TimeControl "180+1"]
[Date "2022.11.08"]
[WhiteClock "0:00:51"]
[BlackClock "0:00:16"]

1. e4 c5 2. Nf3 Nf6 3. e5 Nd5 4. Nc3 e6 5. Ne4 Nc6 6. c4 f5 7. Nc3 Nde7 8. b4 Nxb4 9. Nb5 Ng6 10. h4 a6 11. h5 axb5 12. hxg6 h6 13. cxb5 Nd5 14. Bc4 Nf4 15. d4 Nxg6 16. d5 d6 17. Bb2 dxe5 18. Nxe5 Nxe5 19. Bxe5 exd5 20. Bxd5 Qg5 21. O-O Be7 22. Re1 Kf8 23. Bc4 Qg4 24. Qd5 Qg6 25. Rad1 1-0


[Site "https://www.chess.com"]

[Event "Titled Tuesday Blitz November 08 Early 2022"]
[White "Durarbayli, Vasif"]
[Black "Matlakov, Maxim"]
[WhiteFideId "13402935"]
[BlackFideId "4168003"]
[WhiteElo "2586"]
[BlackElo "2669"]
[Result "0-1"]
[Round "08"]
[TimeControl "180+1"]
[Date "2022.11.08"]
[WhiteClock "0:00:01"]
[BlackClock "0:00:11"]

1. e4 e5 2. Nf3 Nc6 3. Bb5 a6 4. Ba4 Nf6 5. d3 Bc5 6. c3 d6 7. Bg5 h6 8. Bh4 Ba7 9. Bg3 O-O 10. Nbd2 Ne7 11. d4 Ng6 12. dxe5 dxe5 13. Qe2 Nh5 14. O-O-O Nhf4 15. Qf1 Qf6 16. h4 Bg4 17. Bc2 Rad8 18. Re1 Rd7 19. Nh2 Be6 20. Nhf3 Nh5 21. Nc4 b5 22. Ne3 Rfd8 23. Kb1 c6 24. Nf5 a5 25. Nh2 Bc4 26. Qg1 Rd2 27. Ng4 Qe6 28. b3 Bd3 29. Rc1 a4 30. Kb2 Nxg3 31. Nxg3 Qxg4 32. Qe1 Rxf2 0-1


[Site "https://www.chess.com"]

[Event "Titled Tuesday Blitz November 08 Early 2022"]
[White "Faizrakhmanov, Ramil"]
[Black "Tleptsok, Ruslan"]
[WhiteFideId "24103209"]
[BlackFideId "24104485"]
[WhiteElo "2437"]
[BlackElo "2130"]
[Result "1/2-1/2"]
[Round "08"]
[TimeControl "180+1"]
[Date "2022.11.08"]
[WhiteClock "0:00:05"]
[BlackClock "0:00:48"]

1. d4 Nf6 2. c4 e5 3. dxe5 Ne4 4. Nf3 Bb4+ 5. Nbd2 Nc6 6. a3 Nxd2 7. Bxd2 Bxd2+ 8. Qxd2 Qe7 9. Qc3 b6 10. e3 Bb7 11. Be2 O-O-O 12. O-O-O Rhe8 13. c5 Nxe5 14. cxb6 axb6 15. Kb1 Nxf3 16. Bxf3 Bxf3 17. gxf3 Qe5 18. Qc2 d5 19. Qxh7 d4 20. f4 Qf6 21. Qh3+ Kb8 22. Qf3 dxe3 23. fxe3 Qf5+ 24. Ka1 g5 25. Qg3 Rxd1+ 26. Rxd1 gxf4 27. Qxf4 Qxf4 28. exf4 Rh8 29. Rd2 Rh4 30. Rf2 c5 31. Kb1 Kc7 32. Kc2 Kd6 33. Kd3 Kd5 34. Rd2 Rh3+ 35. Kc2+ Ke4 36. Rd6 Rxh2+ 37. Kc3 b5 38. Rf6 Rh3+ 39. Kc2 Rh2+ 40. Kb3 Rh3+ 41. Ka2 Rh7 42. Rb6 b4 43. axb4 cxb4 44. Rxb4+ Ke3 45. Rc4 Rh4 46. Ka3 f5 47. b4 Rxf4 48. Rc8 Rf1 49. Kb2 f4 50. b5 Rh1 51. b6 Rh7 52. Rc7 Rh6 53. b7 Rb6+ 54. Kc3 f3 55. Re7+ Kf2 56. Kc4 Kf1 57. Kc5 Rxb7 58. Rxb7 f2 59. Rf7 Ke1 60. Rxf2 Kxf2 1/2-1/2


[Site "https://www.chess.com"]

[Event "Titled Tuesday Blitz November 08 Early 2022"]
[White "Fajdetic, Hrvoje"]
[Black "Winkels, Marcel"]
[WhiteFideId "14501945"]
[BlackFideId "1003887"]
[WhiteElo "2172"]
[BlackElo "1900"]
[Result "0-1"]
[Round "08"]
[TimeControl "180+1"]
[Date "2022.11.09"]
[WhiteClock "0:00:02"]
[BlackClock "0:00:38"]

1. b3 e5 2. Bb2 d6 3. g3 f5 4. Bg2 Nf6 5. d3 Be7 6. Nd2 O-O 7. e4 c6 8. Ne2 Qe8 9. O-O Qh5 10. h3 fxe4 11. dxe4 Bxh3 12. Nc3 Qxd1 13. Raxd1 Bxg2 14. Kxg2 Na6 15. a3 Rad8 16. Nc4 Nc5 17. f3 Ne6 18. Ne2 Rd7 19. Rd2 Rfd8 20. Rfd1 Kf7 21. Bxe5 dxe5 22. Nxe5+ Ke8 23. Nxd7 Rxd7 24. Rxd7 Nxd7 25. f4 Nec5 26. Kf3 Nf6 27. Nc3 Ne6 28. b4 a5 29. e5 Nd7 30. Na2 axb4 31. axb4 Nb6 32. c3 Nd5 33. Ke4 g6 34. Rxd5 cxd5+ 35. Kxd5 Kd7 36. c4 Ng7 37. g4 h5 38. gxh5 gxh5 39. Nc3 Bxb4 40. Ne4 Be7 41. Nf2 Nf5 42. Ke4 Ke6 43. Nh3 Ng3+ 44. Kf3 h4 45. Kg4 Ne2 46. Nf2 Nd4 47. Ne4 Nb3 48. Nc3 Nd2 49. c5 Nb3 50. Ne4 Bxc5 51. Kxh4 Be7+ 52. Kg4 b5 53. Nc3 b4 54. Nb1 Nd4 0-1


[Site "https://www.chess.com"]

[Event "Titled Tuesday Blitz November 08 Early 2022"]
[White "Fawzy, Adham"]
[Black "Csonka, Balazs"]
[WhiteFideId "10613129"]
[BlackFideId "742910"]
[WhiteElo "2541"]
[BlackElo "2404"]
[Result "1/2-1/2"]
[Round "08"]
[TimeControl "180+1"]
[Date "2022.11.09"]
[WhiteClock "0:00:06"]
[BlackClock "0:00:09"]

1. e4 c5 2. Nf3 d6 3. Bb5+ Nc6 4. c3 Bd7 5. d4 Nf6 6. Qe2 e5 7. d5 Ne7 8. Bxd7+ Nxd7 9. O-O g6 10. Nbd2 Bg7 11. Nc4 Qc7 12. a4 O-O 13. Be3 h6 14. Nfd2 f5 15. f4 Kh7 16. fxe5 Nxe5 17. Bf4 Nf7 18. Rae1 Rae8 19. Qd3 Qd7 20. exf5 Nxf5 21. Ne4 Re7 22. g4 Rfe8 23. gxf5 gxf5 24. Nxc5 dxc5 25. Bd2 Rxe1 26. Rxe1 Rxe1+ 27. Bxe1 Ne5 28. Nxe5 Bxe5 29. Bg3 Bxg3 30. hxg3 Kg6 31. c4 h5 32. b3 Qe7 33. Kf2 Qd6 34. Qe3 h4 35. Kg2 Qf6 36. gxh4 f4 37. Qe4+ Kh5 38. Qh7+ Kg4 39. Qg8+ Kxh4 40. Qh7+ Kg4 41. Qg8+ Kh4 42. Qh7+ Kg4 43. Qd7+ Kh4 44. Qh7+ 1/2-1/2


[Site "https://www.chess.com"]

[Event "Titled Tuesday Blitz November 08 Early 2022"]
[White "Fernandez De La Vara, Arnaldo"]
[Black "Storey, Charles H"]
[WhiteFideId "3518388"]
[BlackFideId "406686"]
[WhiteElo "2387"]
[BlackElo "2252"]
[Result "1-0"]
[Round "08"]
[TimeControl "180+1"]
[Date "2022.11.09"]
[WhiteClock "0:00:54"]
[BlackClock "0:00:39"]

1. Nf3 g6 2. g3 Bg7 3. Bg2 c5 4. c4 Nc6 5. Nc3 Nf6 6. d4 cxd4 7. Nxd4 O-O 8. O-O d6 9. b3 Nxd4 10. Qxd4 Be6 11. Bb2 Nd5 12. Qd2 Nxc3 13. Bxc3 Bxc3 14. Qxc3 Qc7 15. h4 Rab8 16. Rac1 Rfc8 17. h5 Qd8 18. Qd4 b6 19. Rfd1 Rc5 20. hxg6 hxg6 21. b4 Rh5 22. c5 bxc5 23. bxc5 Bxa2 24. c6 Qc7 25. Ra1 Ra5 26. Qd2 Bb3 27. Qxa5 Qxa5 28. Rxa5 Bxd1 29. c7 Rc8 30. Rxa7 Kg7 31. Bc6 Bxe2 32. Bd7 Bg4 33. Bxg4 f5 34. Be2 Kf7 35. Ba6 1-0


[Site "https://www.chess.com"]

[Event "Titled Tuesday Blitz November 08 Early 2022"]
[White "Firat, Burak"]
[Black "Rosenberg, Evan S"]
[WhiteFideId "6305881"]
[BlackFideId "2019299"]
[WhiteElo "2392"]
[BlackElo "2401"]
[Result "1-0"]
[Round "08"]
[TimeControl "180+1"]
[Date "2022.11.09"]
[WhiteClock "0:00:50"]
[BlackClock "0:00:04"]

1. Nf3 d5 2. c4 d4 3. g3 Nc6 4. Bg2 e5 5. d3 Nge7 6. b4 Ng6 7. b5 Nb8 8. h4 h5 9. O-O Be7 10. e3 O-O 11. exd4 exd4 12. a4 c5 13. Nbd2 Bg4 14. a5 Nd7 15. Qc2 Qc7 16. Ne4 Nde5 17. Nxe5 Nxe5 18. Bf4 f6 19. Bxe5 Qxe5 20. b6 axb6 21. axb6 f5 22. Ng5 Bxg5 23. hxg5 Rxa1 24. Rxa1 f4 25. gxf4 Qxf4 26. Bxb7 Qxg5 27. f4 Rxf4 28. Qg2 h4 29. Ra8+ Kh7 30. Be4+ Rxe4 31. Qxe4+ Bf5+ 32. Qg2 Qe3+ 33. Qf2 Qg5+ 34. Kh2 Bxd3 35. Re8 Bxc4 36. b7 1-0


[Site "https://www.chess.com"]

[Event "Titled Tuesday Blitz November 08 Early 2022"]
[White "Firouzja, Alireza"]
[Black "Anton Guijarro, David"]
[WhiteFideId "12573981"]
[BlackFideId "2285525"]
[WhiteElo "2903"]
[BlackElo "2579"]
[Result "0-1"]
[Round "08"]
[TimeControl "180+1"]
[Date "2022.11.08"]
[WhiteClock "0:00:01"]
[BlackClock "0:00:04"]

1. d4 Nf6 2. Bg5 c5 3. d5 d6 4. Nc3 h6 5. Bf4 g5 6. Bd2 b5 7. Nxb5 Nxd5 8. e4 Nb6 9. Bc3 Rg8 10. Nf3 Nc6 11. b3 g4 12. Nd2 e6 13. Be2 d5 14. exd5 exd5 15. O-O Be7 16. Re1 a6 17. Na3 Kf8 18. Nf1 h5 19. Bb2 Bf6 20. c3 h4 21. Nc2 Be6 22. Ba3 Nd7 23. Nd4 Nxd4 24. cxd4 Qa5 25. Bb2 Rb8 26. g3 Rb4 27. Qd2 Bxd4 28. Bxd4 cxd4 29. a3 Rb5 30. Bxb5 Qxd2 31. Nxd2 axb5 32. a4 Kg7 33. axb5 h3 34. Ra4 Rb8 35. Rxd4 Rxb5 36. f3 Nf6 37. Kf2 Rc5 38. b4 Rc2 39. Re2 Rb2 40. Nf1 Rb1 41. Re1 Rb2+ 42. Rd2 Rxb4 43. Ne3 gxf3 44. Kxf3 d4 45. Nf1 Rb3+ 46. Kf4 d3 47. Ne3 Ra3 48. Kf3 Bd7 49. g4 Bc6+ 50. Kf4 Ra4+ 51. Ke5 Re4+ 52. Kd6 Bb5 53. Nf5+ Kg6 54. Ne7+ Kg5 55. Rb1 Bc4 56. Rf2 Re6+ 57. Kc5 Ne4+ 58. Kxc4 Nxf2 59. Rb5+ Kxg4 0-1


[Site "https://www.chess.com"]

[Event "Titled Tuesday Blitz November 08 Early 2022"]
[White "Forgacs, Attila Jr."]
[Black "Dehtiarov, Roman"]
[WhiteFideId "773654"]
[BlackFideId "14186640"]
[WhiteElo "2168"]
[BlackElo "2200"]
[Result "0-1"]
[Round "08"]
[TimeControl "180+1"]
[Date "2022.11.09"]
[WhiteClock "0:00:09"]
[BlackClock "0:00:06"]

1. e4 e5 2. Nf3 Nc6 3. Bb5 a6 4. Ba4 Nf6 5. O-O Be7 6. Re1 b5 7. Bb3 O-O 8. a4 Rb8 9. d3 d6 10. c3 Bg4 11. Nbd2 Re8 12. h3 Bh5 13. Nf1 Bg6 14. g4 h6 15. Ng3 Bf8 16. Nh4 Bh7 17. Nhf5 Ne7 18. axb5 axb5 19. Ra7 Nxf5 20. exf5 d5 21. Qf3 Bc5 22. Ra2 c6 23. Be3 d4 24. Bd2 Nd5 25. Bxd5 cxd5 26. Rea1 dxc3 27. bxc3 Qe7 28. Ra6 e4 29. dxe4 dxe4 30. Qf4 f6 31. Re6 Qd8 32. Raa6 Rxe6 33. Rxe6 Kh8 34. Nxe4 Bf8 35. Be3 Bg8 36. Ra6 Qd1+ 37. Kh2 Re8 38. Ng3 Bd5 39. Ra7 Bg8 40. Qc7 Re7 41. Qb8 Rxa7 42. Qxa7 Bd5 43. Qb8 Qf3 44. Qxf8+ Kh7 45. Ne4 Bxe4 46. Kg1 Qg2# 0-1


[Site "https://www.chess.com"]

[Event "Titled Tuesday Blitz November 08 Early 2022"]
[White "Gabrielian, Artur"]
[Black "Trifan, Andrei Ioan"]
[WhiteFideId "4131002"]
[BlackFideId "12967068"]
[WhiteElo "2432"]
[BlackElo "2208"]
[Result "0-1"]
[Round "08"]
[TimeControl "180+1"]
[Date "2022.11.09"]
[WhiteClock "0:01:33"]
[BlackClock "0:00:18"]

1. e4 e5 2. Nf3 Nc6 3. Bc4 Bc5 4. d3 Nf6 5. Bg5 h6 6. Bh4 g5 7. Bg3 d6 8. c3 a6 9. Nbd2 Ba7 10. O-O Na5 11. Qa4+ c6 12. Bxf7+ Kxf7 13. b4 Bb6 14. bxa5 Bxa5 15. d4 b5 16. Qa3 exd4 17. Nxd4 Bc7 18. Nxc6 Qd7 19. Nd4 h5 20. Qb3+ Kg6 21. f4 h4 22. fxg5 Ng4 23. Bf4 h3 24. Qd5 hxg2 25. Kxg2 Ne3+ 26. Bxe3 Qh3+ 27. Kf2 Bg4 28. Nf5 Qxh2+ 29. Ke1 Qe2# 0-1


[Site "https://www.chess.com"]